 Dungeon Crawl Stone Soup version 0.30.0 (webtiles) character file.

Game seed: 15085737730077948336

611866 Dani the Crack Shot (level 25, -2/231 HPs)
             Began as a Demigod Reaver on May 13, 2023.
             Killed from afar by a Killer Klown (8 damage)
             ... with a klown pie
             ... while petrified by an ancient lich
             ... on level 5 of the Realm of Zot on May 14, 2023.
             The game lasted 03:32:37 (53999 turns).

Dani the Crack Shot (Demigod Reaver)               Turns: 53999, Time: 03:32:37

Health: -2/231     AC: 31    Str: 28 (30) XL:     25   Next: 47%
Magic:  30/30      EV:  2    Int: 16 (17) God:
Gold:   5130       SH:  0    Dex: 37 (38) Spells: 27/27 levels left

rFire   + . .        a - +8 arbalest of Severance {penet, Dex+4}
rCold   + + +        (shield currently unavailable)
rNeg    + + +        z - +7 ice dragon scales
rPois   ∞            l - +3 crown of Dyrovepreva {rElec Int+2 SInv}
rElec   +            e - scarf {rC+ rF+}
rCorr   .            k - +1 pair of gloves of the Doldrums {Str+3 Dex+2}
SInv    +            q - +1 pair of boots of Dice, Bag, and Bottle {rF+ rC+ Regen+}
Will    ++...        E - amulet of regeneration
Stlth   +++          f - ring of protection from fire
HPRegen 2.18/turn    n - ring "Jupucs" {+Blink rPois rN+ Str+2}
MPRegen 0.22/turn

%: no passive effects
@: mighty, about to teleport, petrified, vertiginous, studying 2 skills, unable
to drink
A: high MP 1, forlorn, divine attributes, heat vulnerability 1
}: 3/15 runes: serpentine, barnacled, silver
a: Evoke Blink


You were on level 5 of the Realm of Zot.
You visited 9 branches of the dungeon, and saw 47 of its levels.
You visited 1 bazaar.
You also visited: Trove, Sewer and Ice Cave.

You collected 7818 gold pieces.
You spent 2688 gold pieces at shops.

Inventory:

Hand Weapons
 a - the +8 arbalest of Severance (weapon) {penet, Dex+4}
   (You found it on level 15 of the Dungeon)

   Dex:       It affects your dexterity (+4).
 j - the +3 hand crossbow "Adack" {drain, MP+9}
   (You acquired it on level 2 of the Elven Halls)

   MP:        It affects your magic capacity (+9).
Missiles
 O - 8 curare-tipped darts
 Z - 3 throwing nets
Armour
 e - a scarf of resistance (worn)
   (You found it on level 12 of the Dungeon)
 k - the +1 pair of gloves of the Doldrums (worn) {Str+3 Dex+2}
   (You found it on level 3 of the Elven Halls)

   Str:       It affects your strength (+3).
   Dex:       It affects your dexterity (+2).
 l - the +3 crown of Dyrovepreva (worn) {rElec Int+2 SInv}
   (You found it in an ice cave)

   Int:       It affects your intelligence (+2).
   rElec:     It insulates you from electricity.
   SInv:      It lets you see invisible.
 q - the +1 pair of boots of Dice, Bag, and Bottle (worn) {rF+ rC+ Regen+}
   (You found it on level 12 of the Dungeon)

   rF:        It protects you from fire.
   rC:        It protects you from cold.
   Regen:     It increases your rate of health regeneration.
 z - +7 ice dragon scales (worn)
   (You took it off a yaktaur on level 5 of the Vaults)
Jewellery
 c - the ring "Ekhax" {Will+ rCorr Stlth+}
   (You bought it in a shop on level 13 of the Dungeon)

   [ring of willpower]

   rCorr:     It protects you from acid and corrosion.
   Will:      It increases your willpower.
   Stlth:     It makes you more stealthy.
 f - a ring of protection from fire (left hand)
   (You found it on level 14 of the Dungeon)
 n - the ring "Jupucs" (right hand) {+Blink rPois rN+ Str+2}
   (You found it in an ice cave)

   [ring of positive energy]

   Str:       It affects your strength (+2).
   rPois:     It protects you from poison.
   rN:        It protects you from negative energy.
   +Blink:    It lets you blink.
 s - a +6 ring of strength
   (You found it on level 10 of the Dungeon)
 y - the ring "Fikoekh" {rPois rN+++ Int-4 Dex+3 SInv}
   (You found it on level 1 of the Depths)

   [ring of see invisible]

   Int:       It affects your intelligence (-4).
   Dex:       It affects your dexterity (+3).
   rPois:     It protects you from poison.
   rN:        It renders you almost immune to negative energy.
   SInv:      It lets you see invisible.
 C - the ring of Trepidation {rPois EV+5 Dex+4}
   (You found it on level 4 of the Realm of Zot)

   [ring of evasion]

   EV:        It affects your evasion (+5).
   Dex:       It affects your dexterity (+4).
   rPois:     It protects you from poison.
 E - an amulet of regeneration (around neck)
   (You found it on level 4 of the Dungeon)
 F - the amulet of Rebas {Spirit rN+ rCorr Dex-3}
   (You found it on level 4 of the Realm of Zot)

   [amulet of guardian spirit]

   It causes incoming damage to be divided between your reserves of health and
   magic.
   Dex:       It affects your dexterity (-3).
   rN:        It protects you from negative energy.
   rCorr:     It protects you from acid and corrosion.
 K - the ring of the Amorous God {Will+ MP+9 Int+4}
   (You found it on level 14 of the Dungeon)

   [ring of magical power]

   Int:       It affects your intelligence (+4).
   MP:        It affects your magic capacity (+9).
   Will:      It increases your willpower.
 R - the ring "Eniff" {Ice rElec rPois Dex+3}
   (You bought it in a shop on level 13 of the Dungeon)

   [ring of ice]

   It enhances your ice magic.
   Dex:       It affects your dexterity (+3).
   rF:        It makes you vulnerable to fire.
   rC:        It protects you from cold.
   rElec:     It insulates you from electricity.
   rPois:     It protects you from poison.
Wands
 w - a wand of roots (58)
   (You found it on level 12 of the Dungeon)
 D - a wand of digging (30)
   (You found it on level 8 of the Dungeon)
 L - a wand of light (31)
   (You found it on level 13 of the Dungeon)
Scrolls
 r - a scroll of enchant armour
 t - 6 scrolls of enchant weapon
 v - 6 scrolls of vulnerability
 x - 4 scrolls of butterflies
 A - 3 scrolls of silence
 B - a scroll of blinking
 I - 2 scrolls of torment
 M - a scroll of magic mapping
 N - 13 scrolls of fear
 P - 5 scrolls of fog
 S - 8 scrolls of immolation
 T - 15 scrolls of teleportation
 V - 3 scrolls of brand weapon
 Y - 13 scrolls of poison
Potions
 b - 7 potions of flight
 d - 8 potions of lignification
 g - 9 potions of heal wounds
 h - 3 potions of ambrosia
 i - 5 potions of berserk rage
 m - 3 potions of might
 o - 3 potions of invisibility
 u - 6 potions of resistance
 G - 13 potions of mutation {!q}
 H - 4 potions of haste
 J - 7 potions of attraction
 Q - 21 potions of curing {@q1}
 W - a potion of cancellation
Miscellaneous
 p - a phantom mirror
   (You found it on level 3 of the Lair of Beasts)
 U - a box of beasts
   (You found it on level 2 of the Lair of Beasts)
 X - a phial of floods
   (You found it on level 4 of the Shoals)


   Skills:
 + Level 19.9 Fighting
 - Level 3.0 Long Blades
 + Level 23.8 Ranged Weapons
 + Level 17.8 Armour
 + Level 17.9 Dodging
 + Level 5.5 Stealth
 + Level 17.7 Shields
 - Level 1.7 Spellcasting
 - Level 2.6 Conjurations
 + Level 13.9 Evocations


You had 27 spell levels left.
You didn't know any spells.
Your spell library contained the following spells:

 Spells                   Type           Power      Damage    Failure   Level
 Magic Dart               Conj           40%        1d5       24%         1
 Foxfire                  Conj/Fire      20%        2x1d5     36%         1
 Kiss of Death            Conj/Necr      20%        2d7       36%         1
 Shock                    Conj/Air       20%        1d4       36%         1
 Momentum Strike          Conj/Tloc      10%        3d8       47%         2
 Static Discharge         Conj/Air       10%        2-3/arc   47%         2
 Apportation              Tloc           2%         N/A       52%         1
 Freeze                   Ice            4%         1d3       52%         1
 Necrotise                Necr           4%         1d4       52%         1
 Slow                     Hex            4%         N/A       52%         1
 Summon Small Mammal      Summ           4%         N/A       52%         1
 Blink                    Tloc           2%         N/A       65%         2
 Call Imp                 Summ           2%         N/A       65%         2
 Cigotuvi's Dreadful Rot  Necr/Pois/Air  2%         N/A       65%         2
 Ensorcelled Hibernation  Hex/Ice        2%         N/A       65%         2
 Lesser Beckoning         Tloc           2%         N/A       65%         2
 Passwall                 Tmut/Erth      0%         N/A       65%         2
 Scorch                   Fire           2%         2d5       65%         2
 Sublimation of Blood     Necr           1%         N/A       65%         2
 Dazzling Flash           Conj/Hex       10%        N/A       69%         3
 Hailstorm                Conj/Ice       5%         3d4       69%         3
 Mephitic Cloud           Conj/Pois/Air  4%         N/A       75%         3
 Confusing Touch          Hex            1%         N/A       86%         3
 Frozen Ramparts          Ice            2%         1d1       86%         3
 Gell's Gravitas          Tloc           1%         N/A       86%         3
 Ignite Poison            Fire/Tmut/Pois 1%         N/A       86%         3
 Ozocubu's Armour         Ice            1%         N/A       86%         3
 Portal Projectile        Hex/Tloc       2%         N/A       86%         3
 Spider Form              Tmut/Pois      1%         N/A       86%         3
 Summon Guardian Golem    Hex/Summ       1%         N/A       86%         3
 Swiftness                Air            1%         N/A       86%         3
 Teleport Other           Tloc           1%         N/A       86%         3
 Tukima's Dance           Hex            1%         N/A       86%         3
 Vampiric Draining        Necr           1%         2d6       86%         3
 Vhi's Electric Charge    Tloc/Air       2%         N/A       86%         3
 Volatile Blastmotes      Fire/Tloc      2%         2d10      86%         3
 Flame Wave               Conj/Fire      5%         2d5       96%         4
 Fulminant Prism          Conj/Hex       2%         3d5       96%         4
 Iskenderun's Mystic Bla  Conj/Tloc      5%         2d3       96%         4
 Airstrike                Air            0%         2d(1-17)  99%         4
 Anguish                  Hex/Necr       0%         N/A       99%         4
 Animate Dead             Necr           1%         N/A       99%         4
 Cause Fear               Hex            0%         N/A       99%         4
 Manifold Assault         Tloc           1%         N/A       99%         4
 Passage of Golubria      Tloc           1%         N/A       99%         4
 Petrify                  Tmut/Erth      1%         N/A       99%         4
 Summon Ice Beast         Ice/Summ       1%         N/A       99%         4
 Summon Lightning Spire   Summ/Air       1%         N/A       99%         4
 Iskenderun's Battlesphe  Conj           10%        2d6       99%         5
 Agony                    Necr           1%         N/A       100%        5
 Alistair's Intoxication  Tmut/Pois      0%         N/A       100%        5
 Arcjolt                  Conj/Air       2%         1d12      100%        5
 Blade Hands              Tmut           0%         N/A       100%        5
 Borgnjor's Vile Clutch   Necr/Erth      0%         N/A       100%        5
 Fireball                 Conj/Fire      2%         3d4       100%        5
 Freezing Cloud           Conj/Ice/Air   2%         6-21      100%        5
 Irradiate                Conj/Tmut      2%         3d12      100%        5
 Lee's Rapid Deconstruct  Erth           0%         3d4*      100%        5
 Metabolic Englaciation   Hex/Ice        0%         N/A       100%        5
 Silence                  Hex/Air        0%         N/A       100%        5
 Summon Forest            Summ/Tloc      0%         N/A       100%        5
 Summon Mana Viper        Hex/Summ       1%         N/A       100%        5
 Conjure Ball Lightning   Conj/Air       2%         3x3d6     100%        6
 Death Channel            Necr           0%         N/A       100%        6
 Plasma Beam              Fire/Air       0%         2x1d11    100%        6
 Simulacrum               Ice/Necr       0%         N/A       100%        6
 Starburst                Conj/Fire      2%         6d3       100%        6
 Summon Cactus Giant      Summ           0%         N/A       100%        6
 Dragon Form              Tmut           0%         N/A       100%        7
 Enfeeble                 Hex            0%         N/A       100%        7
 Orb of Destruction       Conj           5%         9d5       100%        7
 Ozocubu's Refrigeration  Ice            0%         4d7       100%        7
 Spellforged Servitor     Conj/Summ      2%         N/A       100%        7
 Storm Form               Tmut/Air       0%         N/A       100%        7
 Infestation              Necr           0%         N/A       100%        8
 Lehudib's Crystal Spear  Conj/Erth      2%         10d2      100%        8


Dungeon Overview and Level Annotations

Branches:
Dungeon (15/15)            Temple (0/1) D:4            Lair (5/5) D:8
 Shoals (4/4) Lair:2        Snake (4/4) Lair:2        Slime (0/5) Lair:5
    Orc (2/2) D:9             Elf (3/3) Orc:2        Vaults (5/5) D:13
  Crypt (0/3) Vaults:3     Depths (4/4) D:15            Zot (5/5) Depths:4
  Sewer (visited)           IceCv (visited)

Shops:
D:13 =(:=   D:15 ?   Orc:1 *   Orc:2 !(:*   Snake:1 *   Snake:2 *   Snake:4 [
Vaults:4 !(   Zot:5 *   Depths:1 [:   Depths:3 =*(

Portals:
Hell: Depths:1 Depths:2 Depths:3 Depths:4
Abyss: Lair:5 Depths:2 Depths:3
Pandemonium: Depths:2 Depths:4
Ziggurat: Depths:1

Annotations:
D:2 Sigmund
D:3 3 runed translucent doors, Illumine's ghost, amateur MiFi
Elf:2 3 runed translucent doors
Vaults:2 exclusion: 2 downstairs
Vaults:3 Frederick; Mennas
Depths:1 exclusions: ancient lich, lich and 1 more exclusion


Innate Abilities, Weirdness & Mutations

You have an increased reservoir of magic. (+10% MP)
You shall have no god before yourself.
Your divine heritage dramatically boosts your attributes as you level up.
You are vulnerable to heat. (rF-)


Message History

The Orb Guardian hits you but does no damage.
The black draconian breathes lightning at you.
The bolt of lightning misses you.
The ancient lich touches you but does no damage.
A purple draconian comes into view. It is wielding a +0 scimitar.
The Orb Guardian hits you but does no damage.
Fire: a) +8 arbalest of Severance {penet, Dex+4}
Press: ? - help, Q - select action, (/) - cycle Shift-Dir - straight line, f/p - black draconian
Aim: a black draconian, wielding a +0 halberd (heavily wounded, 81% to hit)
You shoot a bolt.
The bolt pierces through the ancient lich but does no damage.
The ancient lich is lightly damaged.
The bolt pierces through the black draconian!
The black draconian is severely wounded.
The ancient lich touches you but does no damage.
The Killer Klown blinks!
The Orb Guardian hits you but does no damage.
The black draconian hits you but does no damage.
Fire: a) +8 arbalest of Severance {penet, Dex+4}
Press: ? - help, Q - select action, (/) - cycle Shift-Dir - straight line, f - moth of wrath, p - black draconian
Aim: a moth of wrath (81% to hit)
You shoot a bolt.
The bolt pierces through the ancient lich!
The ancient lich is lightly damaged.
The bolt pierces through the moth of wrath!
The moth of wrath is moderately wounded.
The bolt pierces through the white draconian.
The white draconian is lightly wounded.
The bolt pierces through the purple draconian but does no damage.
The ancient lich misses you.
The electric golem hurls lightning at you.
The bolt of lightning hits you! You resist.
* * * LOW HITPOINT WARNING * * *
The Orb Guardian completely misses you.
An Orb Guardian comes into view.
The moth of wrath goads the Orb Guardian on!
The Orb Guardian goes berserk!
The ancient lich gestures at you while chanting.
You are slowing down.
The black draconian breathes lightning at you.
The bolt of lightning misses you.
The electric golem hurls lightning at you.
The bolt of lightning misses you. The Orb Guardian hits you!!
* * * LOW HITPOINT WARNING * * *
You hear a roar!
You hear a shout!
You hear a roar!
Fire: a) +8 arbalest of Severance {penet, Dex+4}
Press: ? - help, Q - select action, (/) - cycle Shift-Dir - straight line, f/p - moth of wrath
Aim: a moth of wrath (moderately wounded, 81% to hit)
You shoot a bolt.
The bolt pierces through the ancient lich!!!
The ancient lich is heavily damaged.
The bolt pierces through the moth of wrath!!!
You kill the moth of wrath!
The bolt barely misses the purple draconian.
The bolt pierces through the Orb Guardian!!!
The Orb Guardian is heavily wounded.
The Orb Guardian hits you!!
* * * LOW HITPOINT WARNING * * *
The ancient lich touches you but does no damage.
The Orb Guardian misses you.
The Orb Guardian fails to trigger a net trap.
A red draconian scorcher comes into view.
It is wielding a +0 short sword.
The white draconian breathes frost at you.
The blast of cold hits the ancient lich but does no damage.
The blast of cold misses you.
The black draconian hits you but does no damage.
The electric golem hits you but does no damage.
The electric golem closely misses you.
The electric golem hits you but does no damage.
The electric golem misses you. The ancient lich closely misses you.
The Orb Guardian completely misses you. The black draconian barely misses you.
Your limbs are stiffening.
You cannot drink potions in your current state!
The ancient lich attacks as you move away!
The ancient lich misses you.
The electric golem hurls lightning at you.
The bolt of lightning hits you! You resist.
* * * LOW HITPOINT WARNING * * *
The Orb Guardian hits you!!!
* * * LOW HITPOINT WARNING * * *
The ancient lich casts a spell at you. The crystal spear misses you.
The Orb Guardian hits you!!
* * * LOW HITPOINT WARNING * * *
The electric golem hits you but does no damage.
The electric golem closely misses you. The electric golem misses you.
The electric golem completely misses you.
The ancient lich touches you.
* * * LOW HITPOINT WARNING * * *
You hear a roar! x2
You have turned to stone.
The Orb Guardian hits you but does no damage.
The electric golem hits you. The electric golem shocks you. You resist.
* * * LOW HITPOINT WARNING * * *
The electric golem hits you but does no damage. x3
The ancient lich touches you but does no damage.
The Orb Guardian barely misses you.
The black draconian hits you but does no damage.
The Killer Klown pies you viciously! The klown pie hits you!
Plum!
You feel light-headed.
You die...

##.........##.................⌠##
##..##.....##...................#
##..............................#
##.########▓▓▓▓################▓▓
..........# ##...^.[^.....,,**
.........#* ##.............,,,**
.........# ##.^............,,,,*
........## #...............,,,,,
........# #...@9....^.....,,,,,
.)......## #..pXLd........^,,,,,
.........# #....dd.........,,,,,
.........## #......†X.......,,^,,
..........###...............,,,,,
########...###.......q...^..,,,,*
##....##).......^....,,,**
###..^^.............,,**
#▓▓▓▓▓▓▓▓▓▓▓##....,**


You could see a Killer Klown, an electric golem, an ancient lich (fast), a black
draconian, a purple draconian, a white draconian (catching breath), 2 Orb
Guardians and a red draconian scorcher.

Vanquished Creatures
  An orb of fire (Zot:5)
  A dread lich (Vaults:5)
  An ancient lich (Vaults:5)
  Mara (Vaults:3)
  2 juggernauts (Depths:2)
  Boris (twice) (Vaults:3 Vaults:4)
  Sojobo (Vaults:4)
  Vv (Depths:2)
  4 Killer Klowns
  3 caustic shrikes (Depths:4)
  Vashnia (Snake:3)
  9 golden dragons
  2 hellephants (Zot:1)
  3 liches
  Mlioglotl (Snake:1)
  11 tentacled monstrosities
  3 walking earthen tomes
  5 quicksilver dragons
  4 deep elf master archers (Elf:3)
  4 titans (Vaults:5)
  2 deep elf blademasters
  9 Orb Guardians (Zot:5)
  4 sphinxes
  6 death cobs
  A walking divine tome (Depths:2)
  Polyphemus (Shoals:2)
  8 tengu reavers
  20 storm dragons
  10 shadow dragons
  Aizul (Snake:1)
  2 draconian monks
  6 nagarajas
  Ilsuiw (Shoals:2)
  17 fire giants
  2 draconian knights
  2 iron dragons (Depths:3)
  18 vault wardens
  7 deep elf sorcerers
  A ghost moth (Zot:5)
  A caustic shrike zombie (Depths:1)
  4 spectral caustic shrikes (Depths:2)
  16 frost giants
  4 draconian scorchers
  3 draconian shifters
  A juggernaut zombie (Depths:1)
  4 draconian stormcallers
  4 orc warlords
  19 ironbound preservers
  A reaper (Depths:3)
  4 deep elf elementalists
  A spriggan defender (Depths:2)
  3 war gargoyles (Vaults:5)
  18 stone giants
  36 very ugly things
  6 draconian annihilators
  5 ironbound thunderhulks
  4 vampire knights
  6 black draconians
  9 green draconians
  3 deep elf demonologists
  4 white draconians
  10 deep elf annihilators
  18 dire elephants
  6 spark wasps
  12 red draconians
  2 yellow draconians
  Azrael (D:15)
  7 purple draconians
  A blizzard demon (Depths:2)
  3 deep elf death magi (Elf:3)
  10 merfolk impalers
  18 ettins
  4 merfolk javelineers (Shoals:4)
  14 fire dragons
  9 great orbs of eyes
  Josephine (Snake:1)
  11 yaktaur captains
  A hell beast (Depths:3)
  10 deep elf high priests
  8 ice dragons
  38 vault guards
  2 hydras
  A hydra (shapeshifter) (Vaults:5)
  2 caustic shrike simulacra (IceCv)
  A rakshasa (Depths:3)
  2 spriggan air magi (Depths:1)
  A catoblepas (Shoals:2)
  3 salamander tyrants (Snake:4)
  A merfolk avatar (Shoals:3)
  3 alligator snapping turtles
  An ogre mage (Orc:1)
  11 ironbound frosthearts
  14 centaur warriors
  9 two-headed ogres
  5 anacondas
  3 death yaks (Shoals:2)
  13 dancing weapons
  5 merfolk aquamancers
  5 boulder beetles
  15 naga warriors
  5 deep troll earth magi
  4 deep troll shamans
  A hell hog (Depths:3)
  7 shock serpents
  5 tengu warriors
  4 thrashing horrors (Lair:5)
  4 orc high priests
  17 naga sharpshooters
  2 vampire magi
  9 spriggan berserkers
  4 hell knights
  3 soul eaters
  10 deep elf knights
  8 iron trolls
  A storm dragon zombie (Depths:1)
  6 skysharks
  3 salamander mystics
  2 sixfirhies (Depths:2)
  6 skeletal warriors
  23 sea snakes
  43 deep trolls
  A golden dragon zombie (Depths:1)
  2 deep trolls (shapeshifter)
  8 glowing orange brains
  An obsidian statue (IceCv)
  A spriggan simulacrum (IceCv)
  12 deep elf archers
  8 naga ritualists
  5 phantasmal warriors
  2 bog bodies (IceCv)
  2 flayed ghosts
  5 necromancers
  Pikel (D:3)
  9 ironbound convokers
  3 lindwurms (Vaults:2)
  7 wizards
  15 orc knights
  25 harpies
  A cyclops (shapeshifter) (Depths:4)
  19 deep elf zephyrmancers
  39 ugly things
  8 mana vipers
  15 manticores
  23 deep elf pyromancers
  9 cyclopes
  6 fauns (Shoals:2)
  4 orc sorcerers
  14 salamanders
  A frost giant skeleton (Depths:1)
  26 moths of wrath
  8 elephants
  16 naga magi
  33 black mambas
  6 water nymphs (Shoals:4)
  A torpor snail (Lair:3)
  A torpor snail (shapeshifter) (Depths:4)
  18 vault sentinels
  11 merfolk sirens
  Joseph (Lair:1)
  An elephant (shapeshifter) (Elf:2)
  7 guardian serpents
  A cane toad (shapeshifter) (Elf:1)
  2 smoke demons (Lair:5)
  2 unseen horrors
  8 cane toads
  A rime drake (Lair:4)
  Psyche (D:8)
  3 anaconda simulacra (IceCv)
  An efreet (D:14)
  A rime drake (shapeshifter) (D:15)
  9 komodo dragons
  3 kobold demonologists
  4 tengu conjurers
  A troll (shapeshifter) (Vaults:5)
  19 freezing wraiths
  19 yaktaurs
  A golden dragon simulacrum (IceCv)
  2 ice devils (IceCv)
  An ancient zyme (Lair:5)
  31 merfolk
  4 polar bears
  6 trolls
  5 wind drakes
  5 hornets
  3 wolf spider simulacra (D:14)
  25 blink frogs
  7 dream sheep
  11 snapping turtles
  3 dire elephant simulacra (IceCv)
  44 slime creatures
  3 air elementals
  A shadow (D:12)
  3 centaur simulacra (D:14)
  A wyvern (shapeshifter) (Vaults:5)
  4 wyverns
  A vampire (D:13)
  2 large abominations (Lair:5)
  3 spriggans
  9 wraiths
  8 basilisks
  18 water elementals
  3 ynoxinuls (Lair:5)
  3 fire elementals (D:15)
  29 yaks
  8 humans (Zot:1)
  12 vampire mosquitoes
  A warg (Orc:1)
  3 steam dragons
  A chaos spawn (Lair:5)
  2 minotaur simulacra (IceCv)
  2 harpy simulacra (IceCv)
  A swamp worm (shapeshifter) (Depths:3)
  46 nagas
  2 hydra simulacra (IceCv)
  A hell hound (D:15)
  14 water moccasins
  Duvessa (D:4)
  4 floating eyes
  3 sky beasts (D:7)
  An ice beast (D:6)
  28 orc warriors
  A black bear (shapeshifter) (D:13)
  3 black bears
  5 alligator simulacra (IceCv)
  2 ettin simulacra (IceCv)
  7 ogres
  50 wolves
  A boggart (Elf:1)
  8 centaurs
  2 lemures (D:3)
  4 phantoms
  8 kobold brigands
  Blork the orc (D:4)
  9 small abominations (Lair:5)
  4 earth elementals
  4 scorpions
  7 bullfrogs
  A deep troll simulacrum (IceCv)
  6 wights
  2 hornet simulacra (D:14)
  Dowan (D:4)
  2 lindwurm simulacra (IceCv)
  17 killer bees
  5 spriggan skeletons (D:9)
  A troll skeleton (D:9)
  9 howler monkeys
  12 electric eels
  A quasit (D:7)
  16 orc priests
  Crazy Yiuf (D:2)
  A jelly (D:7)
  Jessica (D:3)
  Ijyb (D:3)
  3 iguanas
  Natasha (thrice) (D:4)
  19 orc wizards
  A boggart simulacrum (D:14)
  10 adders
  4 gnolls (D:3)
  4 shadow imps (D:7)
  5 white imps
  4 ufetubi
  A worm (D:2)
  3 dart slugs
  80 orcs
  9 ball pythons
  7 endoplasms
  2 giant cockroaches
  11 goblins
  11 hobgoblins
  4 jackals (D:3)
  6 quokkas
  4 bats
  3 frilled lizards
  17 kobolds
  6 rats
2008 creatures vanquished.

Vanquished Creatures (collateral kills)
  4 kobolds (Sewer)
4 creatures vanquished.

Vanquished Creatures (others)
  A golden dragon (Vaults:5)
  A lich (Vaults:5)
  A quicksilver dragon (Zot:1)
  3 draconian knights
  A deep elf pyromancer (Elf:1)
  A freezing wraith (IceCv)
  5 demonic plants (D:7)
  24 fungi
  225 plants
262 creatures vanquished.

Grand Total: 2274 creatures vanquished

Notes
Turn   | Place    | Note
-------+----------+-------------------------------------------
     0 | D:1      | Dani the Demigod Reaver began the quest for the Orb.
     0 | D:1      | Reached XP level 1. HP: 17/17 MP: 5/5
    35 | D:1      | Reached skill level 1 in Ranged Weapons
   246 | D:1      | Reached XP level 2. HP: 24/24 MP: 7/7
   302 | D:1      | Reached skill level 2 in Ranged Weapons
   733 | D:2      | Reached XP level 3. HP: 28/29 MP: 8/8
   836 | D:2      | Reached skill level 3 in Ranged Weapons
   914 | D:2      | Identified the +8 short sword "Hobeu" {heavy, rN++ MP+9
                  | Dex-3 SInv}
  1034 | D:2      | Noticed Sigmund
  1197 | D:2      | Found a runed translucent door.
  1198 | D:2      | Noticed Crazy Yiuf
  1455 | D:3      | Noticed Ijyb
  1479 | D:3      | HP: 6/29 [Ijyb/+0 club (3)]
  1481 | D:3      | Killed Ijyb
  1482 | D:3      | Reached XP level 4. HP: 9/36 MP: 9/9
  1788 | D:3      | Reached skill level 4 in Ranged Weapons
  2651 | D:3      | Identified the +2 pair of gloves of Indomitability {Dex+3}
  2725 | D:3      | Noticed Jessica
  2734 | D:3      | Killed Jessica
  2735 | D:3      | Reached XP level 5. HP: 28/41 MP: 10/10
  2858 | D:3      | Found a runed translucent gate.
  2859 | D:3      | Found a runed translucent gate.
  2861 | D:3      | Found a runed translucent gate.
  2863 | D:3      | Noticed Illumine's ghost (amateur MiFi)
  3314 | D:4      | Noticed Pikel
  3314 | D:4      | Noticed Blork the orc
  3500 | D:2      | Killed Crazy Yiuf
  3501 | D:2      | Reached skill level 5 in Ranged Weapons
  3687 | D:3      | Killed Pikel
  3688 | D:3      | Reached skill level 3 in Long Blades
  3688 | D:3      | Reached skill level 7 in Ranged Weapons
  3688 | D:3      | Reached XP level 6. HP: 23/48 MP: 11/11
  3688 | D:3      | Reached XP level 7. HP: 25/53 MP: 12/12
  4112 | D:4      | Killed Blork the orc
  4158 | D:4      | Reached skill level 8 in Ranged Weapons
  4180 | D:4      | Noticed Natasha
  4188 | D:4      | Killed Natasha
  4212 | D:4      | Identified a scroll of acquirement
  4215 | D:4      | Found a staircase to the Ecumenical Temple.
  4255 | D:4      | Noticed Natasha
  4259 | D:4      | Killed Natasha
  4365 | D:4      | Noticed Natasha
  4370 | D:4      | Killed Natasha
  4495 | D:4      | Noticed Duvessa
  4495 | D:4      | Noticed Dowan
  4511 | D:4      | Killed Duvessa
  4512 | D:4      | Reached skill level 9 in Ranged Weapons
  4512 | D:4      | Reached XP level 8. HP: 52/60 MP: 13/13
  4520 | D:4      | Killed Dowan
  4623 | D:5      | Entered Level 5 of the Dungeon
  4836 | D:5      | Reached skill level 2 in Fighting
  4836 | D:5      | Reached skill level 2 in Dodging
  4976 | D:5      | Reached skill level 1 in Armour
  5140 | D:5      | Identified the +4 sling of Growth {flame, rF+ rC++ Int-2
                  | SInv}
  5259 | D:6      | Reached skill level 10 in Ranged Weapons
  5295 | D:6      | Reached skill level 3 in Fighting
  5295 | D:6      | Reached skill level 2 in Armour
  5295 | D:6      | Reached skill level 3 in Dodging
  5473 | D:6      | Found a glowing drain.
  5477 | Sewer    | Entered a sewer
  5563 | Sewer    | Reached XP level 9. HP: 51/70 MP: 14/14
  5756 | Sewer    | Reached skill level 3 in Armour
  6229 | D:7      | Reached skill level 4 in Fighting
  6232 | D:7      | Reached skill level 4 in Dodging
  6232 | D:7      | Acquired 1001 gold pieces
  6234 | D:7      | Acquired a +1 pair of boots of flying
  6550 | D:7      | Reached skill level 4 in Armour
  7002 | D:7      | Reached skill level 5 in Fighting
  7002 | D:7      | Reached skill level 5 in Dodging
  7391 | D:8      | Acquired a +2 longbow of electrocution
  7586 | D:8      | Found a staircase to the Lair.
  7719 | D:8      | Noticed Psyche
  7734 | D:8      | Killed Psyche
  8112 | D:9      | Reached XP level 10. HP: 81/81 MP: 15/15
  8159 | D:9      | Reached skill level 5 in Armour
  8248 | D:9      | Found a staircase to the Orcish Mines.
  8779 | D:9      | Reached skill level 6 in Fighting
  8783 | D:9      | Reached skill level 6 in Dodging
  8815 | D:9      | Reached skill level 11 in Ranged Weapons
  8874 | D:10     | Entered Level 10 of the Dungeon
  9758 | Lair:1   | Entered Level 1 of the Lair of Beasts
  9911 | Lair:1   | Reached skill level 6 in Armour
 10218 | Lair:1   | Noticed Joseph
 10223 | Lair:1   | Killed Joseph
 10272 | Lair:1   | Reached XP level 11. HP: 81/91 MP: 17/17
 10524 | Lair:2   | Reached skill level 7 in Fighting
 10533 | Lair:2   | Reached skill level 7 in Dodging
 10558 | Lair:2   | Reached skill level 12 in Ranged Weapons
 10635 | Lair:2   | Found a staircase to the Snake Pit.
 10683 | Lair:2   | Found a staircase to the Shoals.
 10825 | Lair:2   | Reached skill level 7 in Armour
 10854 | Lair:2   | Noticed a skyshark
 10885 | Lair:2   | Killed a skyshark
 11586 | Lair:3   | Noticed a five-headed hydra
 11595 | Lair:3   | Killed a five-headed hydra
 11596 | Lair:3   | Reached skill level 1 in Evocations
 11868 | Lair:3   | Noticed a skyshark
 11881 | Lair:3   | Killed a skyshark
 11920 | Lair:3   | Reached skill level 8 in Fighting
 11971 | Lair:3   | Reached skill level 13 in Ranged Weapons
 11971 | Lair:3   | Reached XP level 12. HP: 101/101 MP: 18/18
 11984 | Lair:3   | Reached skill level 8 in Dodging
 11984 | Lair:3   | Reached skill level 2 in Evocations
 12836 | Lair:4   | Reached skill level 3 in Evocations
 12903 | Lair:4   | Reached skill level 8 in Armour
 13312 | Lair:5   | Entered Level 5 of the Lair of Beasts
 13312 | Lair:5   | Noticed a four-headed hydra
 13354 | Lair:5   | Noticed a boulder beetle
 13372 | Lair:4   | Killed a boulder beetle
 13580 | Lair:5   | Reached skill level 4 in Evocations
 13681 | Lair:5   | Reached skill level 14 in Ranged Weapons
 13779 | Lair:5   | Reached skill level 9 in Fighting
 13824 | Lair:5   | Reached XP level 13. HP: 111/111 MP: 19/19
 14035 | Lair:5   | Reached skill level 9 in Dodging
 14159 | Lair:5   | Found a one-way gate to the infinite horrors of the Abyss.
 14355 | Lair:5   | Reached skill level 9 in Armour
 14355 | Lair:5   | Reached skill level 5 in Evocations
 14424 | Lair:5   | Found a staircase to the Slime Pits.
 15898 | D:12     | Found a portal to a secret trove of treasure.
 15976 | D:12     | Identified the +8 dagger of Entrepreneurial Spirit {elec,
                  | Fly}
 16001 | D:12     | Reached skill level 15 in Ranged Weapons
 16564 | D:12     | Reached skill level 6 in Evocations
 16605 | D:12     | HP: 15/113 [very large slime creature (56)]
 16697 | D:12     | Identified the +1 pair of boots of Dice, Bag, and Bottle
                  | {rF+ rC+ Regen+}
 16862 | D:13     | Found Mowuf's Book Boutique.
 16920 | D:13     | Found Hiudeteg's Antique Weapon Shop.
 16999 | D:13     | Found Mateawok's Jewellery Shoppe.
 17030 | D:13     | Found a gate to the Vaults.
 17040 | D:13     | Reached skill level 10 in Fighting
 17098 | D:13     | Found a flickering gateway to a bazaar.
 17121 | Bazaar   | Entered a bazaar
 17125 | Bazaar   | Found Iptergh's Antique Weapon Boutique.
 17147 | Bazaar   | Found Fucs's Antique Weapon Emporium.
 17168 | Bazaar   | Found Gymiv's Jewellery Boutique.
 17188 | Bazaar   | Found Wuqecri's Antique Armour Shoppe.
 17350 | D:13     | Reached XP level 14. HP: 120/121 MP: 20/20
 17655 | D:13     | Found Utweulei's Jewellery Emporium.
 17727 | D:13     | Bought the ring "Eniff" {Ice rElec rPois Dex+3} for 792
                  | gold pieces
 18136 | D:14     | Reached skill level 10 in Dodging
 18229 | D:14     | Identified the ring of the Amorous God {Will+ MP+9 Int+4}
 18481 | D:14     | Reached skill level 10 in Armour
 18930 | D:15     | Entered Level 15 of the Dungeon
 18930 | D:15     | Found Leikkoj's Magic Scroll Boutique.
 19090 | D:15     | Reached skill level 7 in Evocations
 19285 | D:15     | Found a frozen archway.
 19294 | IceCv    | Entered an ice cave
 19310 | IceCv    | Reached skill level 16 in Ranged Weapons
 19618 | IceCv    | Found the +3 crown of Dyrovepreva {rElec Int+2 SInv}
 19999 | IceCv    | Noticed a lich
 20010 | IceCv    | Killed a lich
 20042 | IceCv    | Identified the ring "Jupucs" {+Blink rPois rN+ Str+2}
 20259 | D:15     | Noticed Azrael
 20270 | D:15     | Killed Azrael
 20282 | D:15     | Reached XP level 15. HP: 106/128 MP: 21/21
 20289 | D:15     | Identified the +8 arbalest of Severance {penet, Dex+4}
 20293 | D:15     | Noticed a tengu reaver
 20295 | D:15     | Reached skill level 11 in Fighting
 20330 | D:15     | Killed a tengu reaver
 20569 | D:15     | Found a staircase to the Depths.
 20995 | Snake:1  | Entered Level 1 of the Snake Pit
 21017 | Snake:1  | Noticed Mlioglotl
 21076 | Snake:1  | Found Boblegi's Assorted Antiques.
 21084 | Snake:1  | Bought a scroll of enchant weapon for 157 gold pieces
 21084 | Snake:1  | Bought a scroll of brand weapon for 199 gold pieces
 21084 | Snake:1  | Bought a scroll of magic mapping for 157 gold pieces
 21119 | Snake:1  | Noticed Aizul
 21120 | Snake:1  | Reached skill level 11 in Dodging
 21132 | Snake:1  | Killed Aizul
 21133 | Snake:1  | Reached skill level 8 in Evocations
 21162 | Snake:1  | Killed Mlioglotl
 21392 | Snake:1  | Noticed Josephine
 21397 | Snake:1  | Killed Josephine
 21426 | Snake:1  | Acquired a manual of Fighting
 21519 | Snake:1  | Noticed a nagaraja
 21524 | Snake:1  | Reached skill level 11 in Armour
 21526 | Snake:1  | Killed a nagaraja
 22266 | Snake:2  | Found Tihumouj's Tempting Trifles.
 22552 | Snake:2  | Identified the +1 dagger "Widowermaker" {drain, Str+4}
 22601 | Snake:2  | Noticed a nagaraja
 22608 | Snake:2  | Killed a nagaraja
 22609 | Snake:2  | Reached skill level 17 in Ranged Weapons
 22948 | Snake:3  | Noticed Vashnia
 23082 | Snake:3  | Killed Vashnia
 23131 | Snake:3  | Reached skill level 12 in Fighting
 23383 | Snake:3  | Reached skill level 9 in Evocations
 23437 | Snake:3  | Reached XP level 16. HP: 141/141 MP: 22/22
 23560 | Snake:3  | Identified the +1 flail of the Tomato {heavy, Int+4 Dex-5}
 23775 | Snake:3  | Reached skill level 12 in Dodging
 23961 | Snake:4  | Entered Level 4 of the Snake Pit
 24162 | Snake:4  | Found Ileoluda's Armour Shop.
 24294 | Snake:4  | Reached skill level 13 in Fighting
 24411 | Snake:4  | Reached skill level 18 in Ranged Weapons
 24556 | Snake:4  | Reached skill level 12 in Armour
 25161 | Snake:4  | Reached skill level 10 in Evocations
 25316 | Snake:4  | Got a serpentine rune of Zot
 25584 | D:13     | Bought the ring "Ekhax" {Will+ rCorr Stlth+} for 484 gold
                  | pieces
 25693 | Orc:1    | Entered Level 1 of the Orcish Mines
 26117 | Orc:1    | Found Igrol's General Store.
 26122 | Orc:1    | Bought a scroll of teleportation for 36 gold pieces
 26173 | Orc:2    | Entered Level 2 of the Orcish Mines
 26173 | Orc:2    | Found a staircase to the Elven Halls.
 26465 | Orc:2    | Reached XP level 17. HP: 151/151 MP: 23/23
 26479 | Orc:2    | Found Utaukic's Distillery.
 26479 | Orc:2    | Found Sami's Antique Weapon Boutique.
 26481 | Orc:2    | Found Fawnu's Book Shoppe.
 26481 | Orc:2    | Found Baneghi Duim's General Store.
 26487 | Orc:2    | Bought a potion of might for 56 gold pieces
 26487 | Orc:2    | Bought a potion of haste for 140 gold pieces
 26771 | Shoals:1 | Entered Level 1 of the Shoals
 26784 | Shoals:1 | Reached skill level 14 in Fighting
 27939 | Shoals:2 | Noticed Polyphemus
 27954 | Shoals:2 | Killed Polyphemus
 28089 | Shoals:2 | Noticed Ilsuiw
 28097 | Shoals:2 | Reached skill level 19 in Ranged Weapons
 28111 | Shoals:2 | HP: 38/154 [drowned by a water elemental[Ilsuiw] (11)]
 28152 | Shoals:2 | Killed Ilsuiw
 28380 | Shoals:2 | Reached skill level 13 in Dodging
 28809 | Shoals:3 | Acquired a manual of Ranged Weapons
 28981 | Shoals:4 | Entered Level 4 of the Shoals
 29139 | Shoals:4 | Reached skill level 13 in Armour
 29216 | Shoals:3 | Reached skill level 11 in Evocations
 29288 | Shoals:4 | Reached skill level 15 in Fighting
 29461 | Shoals:4 | Got a barnacled rune of Zot
 29867 | Shoals:4 | Identified the +4 trident of the Beloved God {spect, rElec}
 29970 | Shoals:4 | Identified the +4 arbalest of the Ass {heavy, rPois Int+4}
 30218 | Shoals:4 | Got the Tome of Mutable Cold
 30545 | Vaults:1 | Entered Level 1 of the Vaults
 30565 | Vaults:1 | Reached XP level 18. HP: 152/165 MP: 24/24
 30658 | Vaults:1 | Reached skill level 20 in Ranged Weapons
 31002 | Vaults:1 | Reached skill level 16 in Fighting
 31371 | Vaults:1 | Reached skill level 14 in Dodging
 32016 | Vaults:2 | Reached skill level 14 in Armour
 32488 | Vaults:2 | Reached skill level 17 in Fighting
 32721 | Vaults:2 | Reached skill level 21 in Ranged Weapons
 33172 | Vaults:3 | Noticed Mennas
 33299 | Vaults:3 | HP: 38/169 [Mennas/+1 eudemon blade of holy wrath (26)]
 33474 | Vaults:3 | Noticed Boris
 33480 | Vaults:3 | HP: 18/169 [disintegration (79)]
 33609 | Vaults:3 | Killed Boris
 33689 | Vaults:3 | Noticed Frederick
 33953 | Elf:1    | Entered Level 1 of the Elven Halls
 33991 | Elf:1    | Reached XP level 19. HP: 177/177 MP: 25/25
 34529 | Elf:1    | Reached skill level 15 in Dodging
 35058 | Elf:2    | Reached skill level 15 in Armour
 35059 | Elf:2    | Found a runed translucent gate.
 35060 | Elf:2    | Found a runed translucent gate.
 35060 | Elf:2    | Found a runed translucent gate.
 35255 | Elf:2    | Acquired the +3 hand crossbow "Adack" {drain, MP+9}
 35313 | Elf:3    | Entered Level 3 of the Elven Halls
 35410 | Elf:3    | Reached skill level 1 in Shields
 35619 | Elf:3    | Reached skill level 2 in Shields
 35629 | Elf:3    | Reached skill level 3 in Shields
 35645 | Elf:3    | Reached skill level 4 in Shields
 35654 | Elf:3    | Reached skill level 5 in Shields
 35819 | Elf:3    | Reached skill level 6 in Shields
 36161 | Elf:3    | Identified the staff of air "Orghoer" {rElec Int+2}
 36170 | Elf:3    | Identified the +4 quarterstaff of Earthquakes {heavy, rF+
                  | rC- Will++ Int+2}
 36174 | Elf:3    | Reached skill level 7 in Shields
 36264 | Elf:3    | Reached skill level 22 in Ranged Weapons
 36264 | Elf:3    | Reached XP level 20. HP: 185/185 MP: 26/26
 36265 | Elf:3    | Reached skill level 9 in Shields
 36265 | Elf:3    | Reached XP level 21. HP: 192/192 MP: 28/28
 36278 | Elf:3    | Got Khufu's Compilation of Malevolent Spells
 36302 | Elf:3    | Identified the +3 dagger of Hul Til {freeze, Fly rElec
                  | Str+3}
 36309 | Elf:3    | Identified the +1 pair of gloves of the Doldrums {Str+3
                  | Dex+2}
 36331 | Elf:3    | Identified the +7 trident of Inference {flame, rCorr Int+2}
 36341 | Elf:3    | Identified the +2 short sword "Vidill" {freeze, rC+ Stlth+}
 36372 | Elf:3    | Got the Annotations on the Welkin and Combat Magic
 37107 | Depths:1 | Entered Level 1 of the Depths
 37349 | D:12     | You paid a toll of +4 fire dragon scales to enter a
                  | treasure trove
 37350 | Trove    | Entered a treasure trove
 37853 | Depths:1 | Identified the +1 pair of boots of Bitterness {rPois
                  | Regen+}
 37903 | Depths:1 | Found a one-way gateway to a ziggurat.
 37903 | Depths:1 | Noticed an ancient lich
 38172 | Depths:2 | Reached skill level 10 in Shields
 38248 | Depths:1 | Found Naby's Book Shop.
 38248 | Depths:1 | Found Geetyhusm's Armour Boutique.
 38444 | Depths:2 | Noticed a juggernaut
 38577 | Depths:1 | Reached skill level 11 in Shields
 38677 | Depths:1 | Reached XP level 22. HP: 200/200 MP: 29/29
 38866 | Depths:1 | Reached skill level 12 in Shields
 38932 | Depths:1 | Identified the +2 hand axe of Winter {freeze, Str+3}
 38959 | Depths:1 | Found a gateway to Hell.
 39099 | Depths:1 | Identified the ring "Fikoekh" {rPois rN+++ Int-4 Dex+3
                  | SInv}
 39432 | Depths:1 | Reached skill level 13 in Shields
 39911 | Depths:2 | Identified the ring "Vucadi" {Ice *Slow Int+3 SInv}
 39916 | Depths:2 | Reached skill level 14 in Shields
 40014 | Depths:2 | Identified the ring of Terra Nullius {Drain rElec Will+
                  | Str+6}
 40230 | Depths:2 | Killed a juggernaut
 40264 | Depths:2 | Reached skill level 15 in Shields
 40531 | Depths:2 | Noticed Vv
 40551 | Depths:2 | HP: 39/201 [Vv (33)]
 40554 | Depths:2 | Killed Vv
 40668 | Depths:2 | Found a one-way gate leading to the halls of Pandemonium.
 40938 | Depths:3 | Noticed a juggernaut
 40955 | Depths:2 | Killed a juggernaut
 40955 | Depths:2 | HP: 45/201 [storm dragon/bolt of lightning (8)]
 41267 | Depths:3 | Found Ezorah's Jewellery Shop.
 41278 | Depths:3 | Found Ceyt Tuoca's Assorted Antiques.
 41280 | Depths:3 | Found Wofe's Antique Weapon Shop.
 41286 | Depths:3 | Bought a scroll of magic mapping for 180 gold pieces
 41286 | Depths:3 | Bought a scroll of fear for 96 gold pieces
 41617 | Depths:3 | You fall into a shaft and drop 1 floor!
 41617 | Depths:4 | Entered Level 4 of the Depths
 41617 | Depths:4 | Noticed a caustic shrike
 41617 | Depths:4 | Noticed a caustic shrike
 41617 | Depths:4 | Noticed a caustic shrike
 41628 | Depths:3 | Identified the +5 quarterstaff "Rilainkului" {heavy, Str+5
                  | Int+2}
 41651 | Depths:4 | Reached skill level 18 in Fighting
 41902 | Depths:4 | Reached XP level 23. HP: 209/209 MP: 30/30
 43445 | Vaults:3 | Noticed Mara
 43461 | Vaults:3 | Noticed Dani's illusion
 43462 | Vaults:3 | Killed Mara
 43463 | Vaults:3 | Reached skill level 16 in Dodging
 43491 | Vaults:4 | Noticed Boris
 43502 | Vaults:4 | Killed Boris
 43535 | Vaults:4 | Identified the +5 arbalest "Paoliuff" {freeze, rN+ Str+8
                  | Int-3 Dex+2}
 43662 | Vaults:4 | Reached skill level 16 in Armour
 43850 | Vaults:4 | Reached skill level 16 in Shields
 43869 | Vaults:4 | Noticed Sojobo
 43877 | Vaults:4 | Paralysed by an air elemental for 1 turns
 43881 | Vaults:4 | Paralysed by an air elemental for 1 turns
 44144 | Vaults:4 | Found Jimoasaf's Distillery.
 44161 | Vaults:4 | Bought 2 potions of curing for 78 gold pieces
 44161 | Vaults:4 | Bought a potion of curing for 39 gold pieces
 44161 | Vaults:4 | Bought a potion of heal wounds for 65 gold pieces
 44161 | Vaults:4 | Bought a potion of invisibility for 104 gold pieces
 44161 | Vaults:4 | Bought a potion of berserk rage for 65 gold pieces
 44272 | Vaults:4 | Paralysed by an air elemental for 1 turns
 44277 | Vaults:4 | Killed Sojobo
 44701 | Vaults:4 | Found Quzokled's Weapon Shop.
 45249 | Vaults:5 | Entered Level 5 of the Vaults
 45255 | Vaults:5 | Noticed a dread lich
 45255 | Vaults:5 | HP: 46/211 [spore (14)]
 45255 | Vaults:5 | HP: 22/211 [spore (10)]
 45395 | Vaults:5 | HP: 49/211 [poisoned by a green very ugly thing]
 45395 | Vaults:5 | HP: 19/211 [frost giant/+1 battleaxe of freezing (30)]
 45406 | Vaults:5 | HP: 26/211 [vault warden/+5 bardiche of protection (33)]
 45406 | Vaults:5 | HP: 3/211 [+0 battleaxe of freezing (23)]
 45446 | Vaults:5 | Identified the +7 long sword of the Land of Plenty {freeze,
                  | Contam Str+4}
 45476 | Vaults:5 | Reached skill level 23 in Ranged Weapons
 45581 | Vaults:5 | Reached skill level 12 in Evocations
 45904 | Vaults:5 | Reached XP level 24. HP: 177/220 MP: 30/30
 45915 | Vaults:5 | Killed a dread lich
 46018 | Vaults:5 | Noticed an ancient lich
 46029 | Vaults:5 | Killed an ancient lich
 46144 | Vaults:5 | Reached skill level 19 in Fighting
 46757 | Vaults:5 | Identified the +7 demon whip "Gucutz" {drain, rPois Will-
                  | Str+5 Dex+3}
 46757 | Vaults:5 | Identified the ring of Hard Scrabble {rN+ rCorr Str+4}
 46812 | Vaults:5 | Got a silver rune of Zot
 46946 | Vaults:5 | Identified the staff of earth "Plog" {rC- rN+ Dex+7}
 46987 | Vaults:5 | Reached skill level 17 in Dodging
 47395 | Vaults:5 | Identified the staff of conjuration "Segoac" {+Blink rC+
                  | Str+3}
 47607 | Vaults:5 | Identified the +0 scale mail of Hubris {Int+5 SInv}
 48494 | Depths:4 | Reached skill level 17 in Armour
 48540 | Depths:4 | Identified the +0 ring mail of the Beggar {rCorr Dex+3
                  | Stlth+}
 48548 | Depths:4 | Identified the +1 great sword of Freehold {freeze, +Blink
                  | rCorr Int-4 Dex+5}
 48627 | Depths:4 | Found a gate to the Realm of Zot.
 48682 | Zot:1    | Entered Level 1 of the Realm of Zot
 48699 | Zot:1    | Reached skill level 17 in Shields
 49031 | Zot:1    | Noticed a Killer Klown
 49049 | Zot:1    | Killed a Killer Klown
 49179 | Zot:1    | Reached skill level 13 in Evocations
 49259 | Zot:1    | Noticed a Killer Klown
 49259 | Zot:1    | Noticed a Killer Klown
 49431 | Zot:1    | Killed a Killer Klown
 49439 | Zot:1    | Killed a Killer Klown
 50638 | Zot:2    | Got Gucok's Excursus on the Retinue
 51267 | Zot:3    | Reached XP level 25. HP: 196/220 MP: 30/30
 52245 | Zot:4    | Reached skill level 1 in Stealth
 52283 | Zot:4    | Found a transporter.
 52359 | Zot:4    | Reached skill level 2 in Stealth
 52426 | Zot:4    | Reached skill level 3 in Stealth
 52580 | Zot:4    | Found a transporter.
 52787 | Zot:4    | Reached skill level 4 in Stealth
 52921 | Zot:4    | Identified the ring of Trepidation {rPois EV+5 Dex+4}
 52936 | Zot:4    | Identified the amulet of Rebas {Spirit rN+ rCorr Dex-3}
 52942 | Zot:4    | Identified the +4 rapier of Gravity {heavy, *Rage rElec
                  | Will+}
 52984 | Zot:5    | Entered Level 5 of the Realm of Zot
 53249 | Zot:5    | Found Uqyizoyppo's CLEARANCE SALE!.
 53395 | Zot:5    | Bought a potion of heal wounds for 20 gold pieces
 53395 | Zot:5    | Bought a potion of berserk rage for 20 gold pieces
 53705 | Zot:5    | Reached skill level 5 in Stealth
 53951 | Zot:5    | Noticed an orb of fire
 53956 | Zot:5    | Gained mutation: You are vulnerable to heat. (rF-) [an orb
                  | of fire]
 53963 | Zot:5    | Killed an orb of fire
 53985 | Zot:5    | Noticed an ancient lich
 53998 | Zot:5    | HP: 32/231 [Orb Guardian (30)]
 53998 | Zot:5    | HP: 10/231 [Orb Guardian (22)]
 53999 | Zot:5    | Killed from afar by a Killer Klown

Illustrated notes

Levels and vault maps discovered:
D:1:      minmay_arrival_radiant_lines, layout_loops_cross, serial_bayou_pond_e
D:2:      layout_basic, basic_altar, roderic_roman_lattice, uniq_sigmund,
          uniq_crazy_yiuf_cottage, uniq_robin
D:3:      kennysheep_goblin_castle, layout_basic,
          hellmonk_ecumenical_altar_lost_god, gammafunk_ghost_split,
          kennysheep_small_spiral, uniq_jessica
D:4:      layout_rooms, minmay_temple_entry_statues_pillars, uniq_pikel,
          uniq_blork_the_orc, uniq_duvessa, uniq_natasha
D:5:      layout_rooms
D:6:      layout_basic, gup_sewer_entry_bowl, sigmund_army
D:7:      layout_basic, serial_demonic, serial_demonic_f, serial_demonic_c,
          serial_demonic_d, serial_demonic_f, serial_demonic_c, serial_demonic_b
D:8:      layout_loops_ring, amcnicky_altar_gilded, lair_entry_dummy,
          uniq_psyche
D:9:      layout_roguey, mainiacjoe_overflow_24_doors, hiddenorc2_lemuel,
          hangedman_tell_no_tales
D:10:     layout_basic, chequers_temple_overflow_statue_of_worship, minitemple
D:11:     layout_rooms, minmay_statues_item, kennysheep_generic_room_9
D:12:     kennysheep_room_grid, layout_basic, enter_trove_5
D:13:     layout_basic, david_vaults_1, serial_shops, bzr_entry_water,
          nicolae_shop_tiny_statue_garden, shop, nicolae_shop_stone,
          nicolae_shop_hallway_plus
D:14:     layout_small_grid, grunt_qazlal_clouds, serial_ice, serial_ice_j,
          serial_ice_e, serial_ice_c, serial_ice_a, serial_ice_h, serial_ice_f,
          serial_ice_d, serial_ice_o
D:15:     gammafunk_enter_depths_forms, layout_cross, serial_shops,
          nicolae_shop_advertising_works [nicolae_subvault_shop_adworks],
          portal_ice_cave_entry_pillars_2, nicolae_kikubaaqudgha_miasma_corner,
          dispersion_dpeg, uniq_azrael
Lair:1:   layout_chaotic_city, uniq_joseph
Lair:2:   layout_regular_city, minmay_shoals_entry_beasts,
          guppyfry_snake_entry_island, serial_forest,
          infiniplex_forest_clump_double, infiniplex_forest_end_1,
          infiniplex_forest_clump_cross, infiniplex_forest_straight_2,
          infiniplex_forest_clump_diagonal, infiniplex_forest_clump_tiny,
          grunt_forest_large_clearings, serial_bayou_shore_b
Lair:3:   beast_lair_carwin_large_2, layout_cave_pods
Lair:4:   layout_misc_corridors
Lair:5:   hellmonk_lair_end_abyssal_woods, layout_hall_layers, slime_entry_1
Shoals:1: layout_shoals
Shoals:2: layout_shoals, centaur_isle, uniq_polyphemus, uniq_ilsuiw
Shoals:3: layout_shoals
Shoals:4: shoals_end_grunt_ice, layout_shoals
Snake:1:  layout_cave_pods, serial_shops, shop, uniq_aizul, uniq_josephine,
          uniq_mlioglotl
Snake:2:  layout_grid_maze, nicolae_alphabet_shops, guppyfry_library_mini,
          nicolae_triple_integral
Snake:3:  layout_misc_corridors, grunt_ministairs_11, serial_bayou_lake_a,
          uniq_vashnia
Snake:4:  johnstein_snake_rune_scales, layout_cave_town, serial_shops,
          nicolae_shop_tiny_glass, st_stairs_2
Orc:1:    layout_caves, serial_shops, shop
Orc:2:    grunt_orc_tribal_feast, layout_caves
Elf:1:    eino_elf_arrival_altar, layout_geoelf_diagonals,
          hangedman_elf_disciples
Elf:2:    nicolae_elf_blades_crystal_corner, layout_geoelf_grid, drop_trap
Elf:3:    minmay_elf_hall_quartered_circle, layout_geoelf_octagon,
          chequers_hall_statues_corner_a
Vaults:1: nicolae_vaults_network_star, nicolae_vaults_trapezoid_lopsided_1,
          v_pattern_4, ontoclasm_vaults_misaligned, nicolae_vaults_little_ls,
          nicolae_vaults_trapezoid_layered, nicolae_vaults_little_squares_4,
          nicolae_vaults_offset_grid_hallway_3, v_misc_10,
          vaults_room_door_ring, v_rooms_6, nicolae_vaults_double_plus_3,
          nicolae_vaults_trapezoid_1, vaults_room_ringed_pool, v_misc_26,
          nicolae_vaults_mini_display_case, layout_vaults_omnibox
Vaults:2: hangedman_vaults_corner, vaults_dpeg_diagonal, vaults_dpeg_doors,
          nicolae_vaults_steering_wheel, vaults_room_fours,
          nicolae_vaults_little_squares_5, vaults_room_grunt_arrival_checkpoint,
          grunt_vaults_focal, layout_vaults_quadrants
Vaults:3: v_misc_31, vaults_room_corners, hangedman_vaults_trim,
          minmay_crypt_entry_necro_gods, nicolae_vaults_mitosis,
          ontoclasm_vaults_loading_screen, nicolae_vaults_security_offices_3,
          hangedman_vaults_restitches, nicolae_vaults_tetromino_Z_1,
          vaults_dpeg_encased_lava, v_rooms_3, nicolae_vaults_oval_intersection,
          nicolae_vaults_tetromino_L_1, vaults_dpeg_emergency_exit,
          nicolae_vaults_specimen_jars, layout_vaults_omnicross, uniq_mennas,
          uniq_mara, uniq_boris, uniq_frederick
Vaults:4: vaults_mumra_hexcomb, v_misc_5, nicolae_vaults_tetromino_L_2,
          v_alt_pattern_3, nicolae_vaults_little_squares_5,
          vaults_mumra_chevron, ontoclasm_vaults_eye,
          nicolae_vaults_off_center_swirl, nicolae_vaults_offset_grid_hallway_3,
          nicolae_vaults_taking_the_gang_shopping,
          nicolae_vaults_yaktaur_gun_rack, ontoclasm_vaults_spin,
          layout_vaults_big_room, serial_shops, shop, uniq_sojobo
Vaults:5
Depths:1: layout_honeycomb, enter_ziggurat_d, grunt_dithmenos_smoke,
          pf_vacation_house_of_asmodeus, grunt_ministairs_4,
          minmay_multi_spiral, minmay_shoptagon
Depths:2: minmay_the_grid_square_5x5_4x4 [minmay_the_grid_square_5x5_trominoes,
          minmay_the_grid_square_5x5_minibox,
          minmay_the_grid_square_5x5_doubleslash,
          minmay_the_grid_square_5x5_tetrominoes,
          minmay_the_grid_square_5x5_shuriken,
          minmay_the_grid_square_5x5_prize_snowflake,
          minmay_the_grid_square_5x5_prize_monsterx,
          minmay_the_grid_square_5x5_longway, minmay_the_grid_square_5x5_forky,
          minmay_the_grid_square_5x5_prize_pseudospiral,
          minmay_the_grid_square_5x5_prize_waves,
          minmay_the_grid_square_5x5_pentomino_r,
          minmay_the_grid_square_5x5_inset,
          minmay_the_grid_square_5x5_minivault,
          minmay_the_grid_square_5x5_seven,
          minmay_the_grid_square_5x5_intrusive_squares], layout_twisted_cross,
          nicolae_figureground_sparkle, pf_hell_entry_tar_river, abyss_entry,
          rand_demon_pan_entry_7, uniq_vv
Depths:3: minmay_ambush_box, layout_basic, minmay_misc_feat_diagonals,
          grunt_mini_vestibule, abyss_entry_flame_altar,
          infiniplex_staircase_door_maze, minmay_shop_star, firewood_loft
Depths:4: grunt_zot_entry_hairpin, layout_gridlike, hell_entry,
          rand_demon_pan_entry_5, nicolae_ru_the_path_less_chosen, serial_bayou,
          serial_bayou_shore_a, serial_bayou_ford_a, serial_bayou_pond_e,
          serial_bayou_crossing, serial_bayou_pond_e
Zot:1:    circus_mu, layout_cathedral_of_symmetry
Zot:2:    layout_basic, hangedman_zot_decor_checkerboard
Zot:3:    layout_cathedral_of_symmetry
Zot:4:    gammafunk_its_a_trap, layout_misc_corridors
Zot:5:    layout_cathedral_of_symmetry, nicolae_lava_and_water,
          lemuel_baited_zot_trap, nicolae_shop_clearance

Skill      XL: |  1  2  3  4  5  6  7  8  9 10 11 12 13 14 15 16 17 18 19 20 21 22 23 24 25 |
---------------+----------------------------------------------------------------------------+-----
Ranged Weapons | 1 2 3 4 7 9 10 11 13 14 15 16 17 18 19 21 22 23 | 23.8
Long Blades    | 3 |  3.0
Fighting       | 3 5 6 8 9 10 12 13 15 17 18 19 | 19.9
Dodging        | 3 5 6 7 8 9 10 11 12 13 14 15 16 17 | 17.9
Armour         | 2 4 6 7 8 9 10 11 12 13 14 15 16 17 | 17.8
Evocations     | 1 4 6 7 9 10 11 12 13 | 13.9
Shields        | 7 9 11 15 16 17 | 17.7
Stealth        | 5 |  5.5
Spellcasting   | |  1.7
Conjurations   | |  2.6

Action                     |  1- 3 |  4- 6 |  7- 9 | 10-12 | 13-15 | 16-18 | 19-21 | 22-24 | 25-27 || total
---------------------------+-------+-------+-------+-------+-------+-------+-------+-------+-------++-------
  Melee: Falchion          |    65 |    78 |       |       |       |       |       |       |       ||   143
         Punch             |     3 |       |     1 |       |       |       |       |       |       ||     4
         Dagger            |    22 |    54 |    39 |       |       |       |       |       |       ||   115
         Arbalest          |       |       |       |       |       |     2 |       |       |       ||     2
   Fire: Sling             |    77 |    14 |   417 |       |       |       |       |       |       ||   508
         Longbow           |       |       |    73 |   874 |  1088 |       |       |       |       ||  2035
         Arbalest          |       |       |       |       |   324 |  1638 |   478 |  1978 |   385 ||  4803
  Evoke: Wand              |       |       |     3 |       |     4 |     1 |       |       |     1 ||     9
         Box of beasts     |       |       |       |       |     1 |     1 |       |     1 |       ||     3
         Phantom mirror    |       |       |       |       |       |     1 |       |     1 |       ||     2
         Phial of floods   |       |       |       |       |       |       |       |     1 |       ||     1
    Use: Scroll            |       |    11 |     9 |     3 |    15 |     4 |     8 |    19 |     3 ||    72
         Potion            |       |       |     1 |       |     2 |     8 |     2 |    10 |     3 ||    26
 Armour: Leather armour    |    39 |     3 |    53 |    35 |       |       |       |       |       ||   130
         Chain mail        |       |    91 |   294 |       |       |       |     5 |       |       ||   390
         Ring mail         |       |       |       |   151 |   292 |   248 |    44 |   253 |       ||   988
         Ice dragon scales |       |       |       |       |       |       |       |    90 |   146 ||   236
         Quicksilver drago |       |       |       |       |       |       |       |     2 |       ||     2
  Dodge: Dodged            |   103 |    50 |   278 |   531 |   752 |  1281 |   292 |  1862 |   452 ||  5601
         Repelled          |       |       |     2 |     3 |     1 |       |       |       |       ||     6

Levels and vault maps discovered:
D:1:      minmay_arrival_radiant_lines, layout_loops_cross, serial_bayou_pond_e
D:2:      layout_basic, basic_altar, roderic_roman_lattice, uniq_sigmund,
          uniq_crazy_yiuf_cottage, uniq_robin
D:3:      kennysheep_goblin_castle, layout_basic,
          hellmonk_ecumenical_altar_lost_god, gammafunk_ghost_split,
          kennysheep_small_spiral, uniq_jessica
D:4:      layout_rooms, minmay_temple_entry_statues_pillars, uniq_pikel,
          uniq_blork_the_orc, uniq_duvessa, uniq_natasha
D:5:      layout_rooms
D:6:      layout_basic, gup_sewer_entry_bowl, sigmund_army
D:7:      layout_basic, serial_demonic, serial_demonic_f, serial_demonic_c,
          serial_demonic_d, serial_demonic_f, serial_demonic_c, serial_demonic_b
D:8:      layout_loops_ring, amcnicky_altar_gilded, lair_entry_dummy,
          uniq_psyche
D:9:      layout_roguey, mainiacjoe_overflow_24_doors, hiddenorc2_lemuel,
          hangedman_tell_no_tales
D:10:     layout_basic, chequers_temple_overflow_statue_of_worship, minitemple
D:11:     layout_rooms, minmay_statues_item, kennysheep_generic_room_9
D:12:     kennysheep_room_grid, layout_basic, enter_trove_5
D:13:     layout_basic, david_vaults_1, serial_shops, bzr_entry_water,
          nicolae_shop_tiny_statue_garden, shop, nicolae_shop_stone,
          nicolae_shop_hallway_plus
D:14:     layout_small_grid, grunt_qazlal_clouds, serial_ice, serial_ice_j,
          serial_ice_e, serial_ice_c, serial_ice_a, serial_ice_h, serial_ice_f,
          serial_ice_d, serial_ice_o
D:15:     gammafunk_enter_depths_forms, layout_cross, serial_shops,
          nicolae_shop_advertising_works [nicolae_subvault_shop_adworks],
          portal_ice_cave_entry_pillars_2, nicolae_kikubaaqudgha_miasma_corner,
          dispersion_dpeg, uniq_azrael
Lair:1:   layout_chaotic_city, uniq_joseph
Lair:2:   layout_regular_city, minmay_shoals_entry_beasts,
          guppyfry_snake_entry_island, serial_forest,
          infiniplex_forest_clump_double, infiniplex_forest_end_1,
          infiniplex_forest_clump_cross, infiniplex_forest_straight_2,
          infiniplex_forest_clump_diagonal, infiniplex_forest_clump_tiny,
          grunt_forest_large_clearings, serial_bayou_shore_b
Lair:3:   beast_lair_carwin_large_2, layout_cave_pods
Lair:4:   layout_misc_corridors
Lair:5:   hellmonk_lair_end_abyssal_woods, layout_hall_layers, slime_entry_1
Shoals:1: layout_shoals
Shoals:2: layout_shoals, centaur_isle, uniq_polyphemus, uniq_ilsuiw
Shoals:3: layout_shoals
Shoals:4: shoals_end_grunt_ice, layout_shoals
Snake:1:  layout_cave_pods, serial_shops, shop, uniq_aizul, uniq_josephine,
          uniq_mlioglotl
Snake:2:  layout_grid_maze, nicolae_alphabet_shops, guppyfry_library_mini,
          nicolae_triple_integral
Snake:3:  layout_misc_corridors, grunt_ministairs_11, serial_bayou_lake_a,
          uniq_vashnia
Snake:4:  johnstein_snake_rune_scales, layout_cave_town, serial_shops,
          nicolae_shop_tiny_glass, st_stairs_2
Orc:1:    layout_caves, serial_shops, shop
Orc:2:    grunt_orc_tribal_feast, layout_caves
Elf:1:    eino_elf_arrival_altar, layout_geoelf_diagonals,
          hangedman_elf_disciples
Elf:2:    nicolae_elf_blades_crystal_corner, layout_geoelf_grid, drop_trap
Elf:3:    minmay_elf_hall_quartered_circle, layout_geoelf_octagon,
          chequers_hall_statues_corner_a
Vaults:1: nicolae_vaults_network_star, nicolae_vaults_trapezoid_lopsided_1,
          v_pattern_4, ontoclasm_vaults_misaligned, nicolae_vaults_little_ls,
          nicolae_vaults_trapezoid_layered, nicolae_vaults_little_squares_4,
          nicolae_vaults_offset_grid_hallway_3, v_misc_10,
          vaults_room_door_ring, v_rooms_6, nicolae_vaults_double_plus_3,
          nicolae_vaults_trapezoid_1, vaults_room_ringed_pool, v_misc_26,
          nicolae_vaults_mini_display_case, layout_vaults_omnibox
Vaults:2: hangedman_vaults_corner, vaults_dpeg_diagonal, vaults_dpeg_doors,
          nicolae_vaults_steering_wheel, vaults_room_fours,
          nicolae_vaults_little_squares_5, vaults_room_grunt_arrival_checkpoint,
          grunt_vaults_focal, layout_vaults_quadrants
Vaults:3: v_misc_31, vaults_room_corners, hangedman_vaults_trim,
          minmay_crypt_entry_necro_gods, nicolae_vaults_mitosis,
          ontoclasm_vaults_loading_screen, nicolae_vaults_security_offices_3,
          hangedman_vaults_restitches, nicolae_vaults_tetromino_Z_1,
          vaults_dpeg_encased_lava, v_rooms_3, nicolae_vaults_oval_intersection,
          nicolae_vaults_tetromino_L_1, vaults_dpeg_emergency_exit,
          nicolae_vaults_specimen_jars, layout_vaults_omnicross, uniq_mennas,
          uniq_mara, uniq_boris, uniq_frederick
Vaults:4: vaults_mumra_hexcomb, v_misc_5, nicolae_vaults_tetromino_L_2,
          v_alt_pattern_3, nicolae_vaults_little_squares_5,
          vaults_mumra_chevron, ontoclasm_vaults_eye,
          nicolae_vaults_off_center_swirl, nicolae_vaults_offset_grid_hallway_3,
          nicolae_vaults_taking_the_gang_shopping,
          nicolae_vaults_yaktaur_gun_rack, ontoclasm_vaults_spin,
          layout_vaults_big_room, serial_shops, shop, uniq_sojobo
Vaults:5
Depths:1: layout_honeycomb, enter_ziggurat_d, grunt_dithmenos_smoke,
          pf_vacation_house_of_asmodeus, grunt_ministairs_4,
          minmay_multi_spiral, minmay_shoptagon
Depths:2: minmay_the_grid_square_5x5_4x4 [minmay_the_grid_square_5x5_trominoes,
          minmay_the_grid_square_5x5_minibox,
          minmay_the_grid_square_5x5_doubleslash,
          minmay_the_grid_square_5x5_tetrominoes,
          minmay_the_grid_square_5x5_shuriken,
          minmay_the_grid_square_5x5_prize_snowflake,
          minmay_the_grid_square_5x5_prize_monsterx,
          minmay_the_grid_square_5x5_longway, minmay_the_grid_square_5x5_forky,
          minmay_the_grid_square_5x5_prize_pseudospiral,
          minmay_the_grid_square_5x5_prize_waves,
          minmay_the_grid_square_5x5_pentomino_r,
          minmay_the_grid_square_5x5_inset,
          minmay_the_grid_square_5x5_minivault,
          minmay_the_grid_square_5x5_seven,
          minmay_the_grid_square_5x5_intrusive_squares], layout_twisted_cross,
          nicolae_figureground_sparkle, pf_hell_entry_tar_river, abyss_entry,
          rand_demon_pan_entry_7, uniq_vv
Depths:3: minmay_ambush_box, layout_basic, minmay_misc_feat_diagonals,
          grunt_mini_vestibule, abyss_entry_flame_altar,
          infiniplex_staircase_door_maze, minmay_shop_star, firewood_loft
Depths:4: grunt_zot_entry_hairpin, layout_gridlike, hell_entry,
          rand_demon_pan_entry_5, nicolae_ru_the_path_less_chosen, serial_bayou,
          serial_bayou_shore_a, serial_bayou_ford_a, serial_bayou_pond_e,
          serial_bayou_crossing, serial_bayou_pond_e
Zot:1:    circus_mu, layout_cathedral_of_symmetry
Zot:2:    layout_basic, hangedman_zot_decor_checkerboard
Zot:3:    layout_cathedral_of_symmetry
Zot:4:    gammafunk_its_a_trap, layout_misc_corridors
Zot:5:    layout_cathedral_of_symmetry, nicolae_lava_and_water,
          lemuel_baited_zot_trap, nicolae_shop_clearance

Table legend: (Time is in decaauts)
 A = Elapsed time spent in this place.
 B = Non-inter-level travel time spent in this place.
 C = Inter-level travel time spent in this place.
 D = Time resting spent in this place.
 E = Time spent auto-exploring this place.
 F = Levels seen in this place.
 G = Mean time per level.
                   A        B        C        D        E       F      G
               +--------+--------+--------+--------+--------+-----+--------+
         Total |  55285 |  49404 |   5881 |   2294 |  31935 |  51 | 1084.0 |
       Dungeon |  16435 |  13760 |   2675 |    302 |   9582 |  15 | 1095.7 |
          Lair |   5680 |   5022 |    658 |     35 |   3587 |   5 | 1136.0 |
        Shoals |   3921 |   3488 |    433 |    232 |   2131 |   4 |  980.2 |
     Snake Pit |   4512 |   4254 |    258 |     64 |   3029 |   4 | 1128.0 |
  Orcish Mines |   1067 |    972 |     95 |      0 |    707 |   2 |  533.5 |
   Elven Halls |   2744 |   2557 |    187 |      0 |   1928 |   3 |  914.7 |
        Vaults |   7987 |   7205 |    782 |    906 |   3553 |   5 | 1597.4 |
        Depths |   6119 |   5663 |    456 |    368 |   3470 |   4 | 1529.8 |
           Zot |   5408 |   5075 |    333 |    256 |   3453 |   5 | 1081.6 |
        Bazaar |    103 |    103 |      0 |      0 |     85 |   1 |  103.0 |
         Trove |     42 |     42 |      0 |      0 |      0 |   1 |   42.0 |
         Sewer |    375 |    375 |      0 |      0 |    128 |   1 |  375.0 |
      Ice Cave |    886 |    886 |      0 |    129 |    280 |   1 |  886.0 |
               +--------+--------+--------+--------+--------+-----+--------+

Top non-repeatable levels by time:
     D:3: 2584 daAuts
Vaults:5: 2535 daAuts
Depths:1: 2152 daAuts
Vaults:4: 1854 daAuts
    D:12: 1836 daAuts
Vaults:2: 1703 daAuts
  Lair:2: 1548 daAuts
Depths:4: 1490 daAuts
Depths:2: 1426 daAuts
   Zot:1: 1409 daAuts
    D:13: 1359 daAuts
 Snake:4: 1335 daAuts
Vaults:1: 1325 daAuts
Shoals:4: 1258 daAuts
  Lair:5: 1240 daAuts

Table legend:
 A = Kills in this place as a percentage of kills in the entire game.
 B = Kills by you in this place as a percentage of kills by you in the entire game.
 C = Kills by friends in this place as a percentage of kills by friends in the entire game.
 D = Other kills in this place as a percentage of other kills in the entire game.
 E = Experience gained in this place as a percentage of experience gained in the entire game.
 F = Experience gained in this place divided by the number of levels of this place that you have seen.
                   A       B       C       D       E      F
               +-------+-------+-------+-------+-------+----------------------
         Total | 100.0 | 100.0 | 100.0 | 100.0 | 100.0 | 23340.1
       Dungeon |  19.0 |  19.1 |   0.0 |   0.0 |   5.5 | 4403.9
          Lair |   9.7 |   9.7 |   0.0 |   0.0 |   4.4 | 10408.6
        Shoals |   7.5 |   7.5 |   0.0 |   0.0 |   6.6 | 19630.5
     Snake Pit |  10.0 |  10.1 |   0.0 |   0.0 |   9.2 | 27521.8
  Orcish Mines |   5.5 |   5.5 |   0.0 |   0.0 |   1.5 | 8889.5
   Elven Halls |   6.1 |   6.1 |   0.0 |   0.0 |   7.7 | 30646.7
        Vaults |  18.4 |  18.4 |   0.0 |  33.3 |  27.5 | 65351.0
        Depths |  12.3 |  12.4 |   0.0 |   0.0 |  20.5 | 60866.8
           Zot |   7.7 |   7.6 |   0.0 |  66.7 |  15.6 | 37117.0
         Sewer |   1.2 |   1.0 | 100.0 |   0.0 |   0.0 | 383.0
      Ice Cave |   2.5 |   2.5 |   0.0 |   0.0 |   1.5 | 17724.0
               +-------+-------+-------+-------+-------+----------------------
